TOP OF THE 1ST |
Montgomery Grey Sox batting - Pitching for Nashua Redlegs : LHP Keith Burns
|
Pitching: LHP Keith Burns
|
|
Batting: RHB Julius Farmer
|
0-0: Ball 1-0: SINGLE (Flyball, 9S)
|
Batting: RHB Andrew Lewis
|
0-0: Ball 1-0: Called Strike 1-1: Called Strike 1-2: Ground out 6-3 (Groundball, 6S) Julius Farmer to second
|
Batting: RHB Dave McGuire
|
0-0: Ball 1-0: Called Strike 1-1: Foul Ball, location: 2F 1-2: Strikes out swinging
|
Batting: RHB Andrés Jiménez
|
0-0: Ball 1-0: Foul Ball, location: 2F 1-1: Ground out 3-1 (Groundball, 34)
|
Top of the 1st over - 0 runs, 1 hit, 0 errors, 1 left on base; Montgomery 0 - Nashua 0 |
BOTTOM OF THE 1ST |
Nashua Redlegs batting - Pitching for Montgomery Grey Sox : RHP Michael MacDonald
|
Pitching: RHP Michael MacDonald
|
|
Batting: RHB Manuel Pérez
|
0-0: Ground out 6-3 (Groundball, 6M)
|
Batting: RHB Ánibal Barrios
|
0-0: Ball 1-0: Foul Ball, location: 2F 1-1: Swinging Strike 1-2: Foul Ball, location: 2F 1-2: Foul Ball, location: 2F 1-2: SINGLE (Line Drive, 4)
|
Batting: RHB Clancy Castro
|
0-0: Ball Ánibal Barrios is caught stealing 2nd base 1-0: Called Strike 1-1: Foul Ball, location: 2F 1-2: Fly out, F5 (Line Drive, 5L)
|
Bottom of the 1st over - 0 runs, 1 hit, 0 errors, 0 left on base; Montgomery 0 - Nashua 0 |
TOP OF THE 2ND |
Montgomery Grey Sox batting - Pitching for Nashua Redlegs : LHP Keith Burns
|
Batting: RHB Greg Williams
|
0-0: Ball 1-0: Foul Ball, location: 2F 1-1: Fly out, F6 (Line Drive, 6)
|
Batting: LHB Marcos Féliz
|
0-0: Ball 1-0: Foul Ball, location: 2F 1-1: Ground out 5-3 (Groundball, 5)
|
Batting: RHB Norman Hopkins
|
0-0: Called Strike 0-1: Called Strike 0-2: Foul Ball, location: 2F 0-2: Ball 1-2: Strikes out swinging
|
Top of the 2nd over - 0 runs, 0 hits, 0 errors, 0 left on base; Montgomery 0 - Nashua 0 |
BOTTOM OF THE 2ND |
Nashua Redlegs batting - Pitching for Montgomery Grey Sox : RHP Michael MacDonald
|
Batting: RHB Kyle Mann
|
0-0: Ball 1-0: Ball 2-0: Ball 3-0: Called Strike 3-1: Base on Balls
|
Batting: RHB Jorge Valenzuela
|
0-0: Grounds into double play, 5-4-3 (Groundball, 5L)
|
Batting: LHB Johão Pereirinha
|
0-0: Ground out 4-3 (Groundball, 4M)
|
Bottom of the 2nd over - 0 runs, 0 hits, 0 errors, 0 left on base; Montgomery 0 - Nashua 0 |
TOP OF THE 3RD |
Montgomery Grey Sox batting - Pitching for Nashua Redlegs : LHP Keith Burns
|
Batting: LHB Jorge Garza
|
0-0: Foul Ball, location: 2F 0-1: Swinging Strike 0-2: Ball 1-2: Foul Ball, location: 2F 1-2: Strikes out swinging
|
Batting: SHB Alberto García
|
0-0: Swinging Strike 0-1: Ball 1-1: Ball 2-1: Ball 3-1: Ground out 6-3 (Groundball, 6S)
|
Batting: RHB Julius Farmer
|
0-0: Ball 1-0: Foul Ball, location: 2F 1-1: Swinging Strike 1-2: Strikes out swinging
|
Top of the 3rd over - 0 runs, 0 hits, 0 errors, 0 left on base; Montgomery 0 - Nashua 0 |
BOTTOM OF THE 3RD |
Nashua Redlegs batting - Pitching for Montgomery Grey Sox : RHP Michael MacDonald
|
Batting: LHB Peter Rodgers
|
0-0: Ball 1-0: Foul Ball, location: 2F 1-1: Called Strike 1-2: Foul Ball, location: 2F 1-2: Strikes out swinging
|
Batting: SHB Hunter Bond
|
0-0: Ball 1-0: Ball 2-0: Ball 3-0: Called Strike 3-1: Foul Ball, location: 2F 3-2: Foul Ball, location: 2F 3-2: Base on Balls
|
Batting: RHB Pedro Cavazos
|
0-0: Called Strike 0-1: Ball 1-1: Ball 2-1: Called Strike 2-2: Foul Ball, location: 2F 2-2: Ball 3-2: Ground out 4-3 (Groundball, 34) Hunter Bond to second
|
Batting: RHB Manuel Pérez
|
0-0: Ball 1-0: Swinging Strike 1-1: Foul Ball, location: 2F 1-2: Ball 2-2: Strikes out swinging
|
Bottom of the 3rd over - 0 runs, 0 hits, 0 errors, 1 left on base; Montgomery 0 - Nashua 0 |
TOP OF THE 4TH |
Montgomery Grey Sox batting - Pitching for Nashua Redlegs : LHP Keith Burns
|
Batting: RHB Andrew Lewis
|
0-0: Ball 1-0: Foul Ball, location: 2F 1-1: Swinging Strike 1-2: Ball 2-2: Foul Ball, location: 2F 2-2: Foul Ball, location: 2F 2-2: Strikes out looking
|
Batting: RHB Dave McGuire
|
0-0: Called Strike 0-1: Foul Ball, location: 2F 0-2: Foul Ball, location: 2F 0-2: Ball 1-2: Foul Ball, location: 2F 1-2: SINGLE (Line Drive, 4MD)
|
Batting: RHB Andrés Jiménez
|
0-0: Called Strike 0-1: Called Strike 0-2: Foul Ball, location: 2F 0-2: Ball 1-2: Ball 2-2: Ball 3-2: SINGLE (Groundball, 6MD) Dave McGuire to second
|
Batting: RHB Greg Williams
|
0-0: Ball 1-0: Ball 2-0: Called Strike 2-1: Grounds into double play, 4-6-3 (Groundball, 4)
|
Top of the 4th over - 0 runs, 2 hits, 0 errors, 1 left on base; Montgomery 0 - Nashua 0 |
BOTTOM OF THE 4TH |
Nashua Redlegs batting - Pitching for Montgomery Grey Sox : RHP Michael MacDonald
|
Batting: RHB Ánibal Barrios
|
0-0: Ball 1-0: SINGLE (Flyball, 89M)
|
Batting: RHB Clancy Castro
|
0-0: Ball Ánibal Barrios is caught stealing 2nd base 1-0: SINGLE (Line Drive, 56D)
|
Batting: RHB Kyle Mann
|
0-0: Called Strike 0-1: Ball 1-1: Fly out, F8 (Flyball, 8LM)
|
Batting: RHB Jorge Valenzuela
|
0-0: Foul Ball, location: 2F 0-1: Ball 1-1: Swinging Strike 1-2: Hit by Pitch Clancy Castro to second
|
Batting: LHB Johão Pereirinha
|
0-0: Ball 1-0: Foul Ball, location: 2F 1-1: Ball 2-1: Ground out 4-3 (Groundball, 4)
|
Bottom of the 4th over - 0 runs, 2 hits, 0 errors, 2 left on base; Montgomery 0 - Nashua 0 |
TOP OF THE 5TH |
Montgomery Grey Sox batting - Pitching for Nashua Redlegs : LHP Keith Burns
|
Batting: LHB Marcos Féliz
|
0-0: Ball 1-0: Ball 2-0: Called Strike 2-1: Swinging Strike 2-2: Foul Ball, location: 2F 2-2: Strikes out swinging
|
Batting: RHB Norman Hopkins
|
0-0: Called Strike 0-1: Ball 1-1: Ball 2-1: Called Strike 2-2: Strikes out swinging
|
Batting: LHB Jorge Garza
|
0-0: Called Strike 0-1: Fly out, F7 (Flyball, 78S)
|
Top of the 5th over - 0 runs, 0 hits, 0 errors, 0 left on base; Montgomery 0 - Nashua 0 |
BOTTOM OF THE 5TH |
Nashua Redlegs batting - Pitching for Montgomery Grey Sox : RHP Michael MacDonald
|
Batting: LHB Peter Rodgers
|
0-0: Swinging Strike 0-1: Called Strike 0-2: Ball 1-2: Hit by Pitch
|
Batting: SHB Hunter Bond
|
0-0: Ball 1-0: Ball 2-0: Ball 3-0: Base on Balls Peter Rodgers to second
|
Batting: RHB Pedro Cavazos
|
0-0: Called Strike 0-1: Ball 1-1: Ball 2-1: Ball 3-1: Base on Balls Peter Rodgers to third Hunter Bond to second
|
Batting: RHB Manuel Pérez
|
0-0: Ball 1-0: Fielders Choice at 2nd, 6-4 (Groundball, 6) Peter Rodgers scores Hunter Bond to third
|
Batting: RHB Ánibal Barrios
|
0-0: Ball Manuel Pérez steals 2nd base 1-0: Called Strike 1-1: Ball 2-1: Ball 3-1: Base on Balls
|
Batting: RHB Clancy Castro
|
0-0: Swinging Strike 0-1: Foul Ball, location: 2F 0-2: Ball 1-2: Strikes out swinging
|
Batting: RHB Kyle Mann
|
0-0: Called Strike 0-1: Ball 1-1: Ball 2-1: Ball 3-1: SINGLE (Groundball, 6D) Hunter Bond scores Manuel Pérez to third Ánibal Barrios to second Runner from 3rd tries for Home, SAFE, no throw
|
Batting: RHB Jorge Valenzuela
|
0-0: Called Strike 0-1: Ball 1-1: Ball 2-1: Ball 3-1: Base on Balls Ánibal Barrios to third Kyle Mann to second
|
Batting: LHB Johão Pereirinha
|
0-0: Ground out 4-3 (Groundball, 4)
|
Bottom of the 5th over - 3 runs, 1 hit, 0 errors, 3 left on base; Montgomery 0 - Nashua 3 |
TOP OF THE 6TH |
Montgomery Grey Sox batting - Pitching for Nashua Redlegs : LHP Keith Burns
|
Batting: SHB Alberto García
|
0-0: Ball 1-0: Ball 2-0: Foul Ball, location: 2F 2-1: Foul Ball, location: 2F 2-2: Foul Ball, location: 2F 2-2: Ball 3-2: Foul Ball, location: 2F 3-2: DOUBLE (Flyball, 89D)
|
Batting: RHB Julius Farmer
|
0-0: Called Strike 0-1: Ground out 6-3 (Groundball, 6) Alberto García to third
|
Batting: RHB Andrew Lewis
|
0-0: Ball 1-0: Ball 2-0: Foul Ball, location: 2F 2-1: Ball 3-1: SINGLE (Line Drive, 89S) Alberto García scores
|
Batting: RHB Dave McGuire
|
0-0: Foul Ball, location: 2F 0-1: Foul Ball, location: 2F 0-2: Strikes out swinging
|
Batting: RHB Andrés Jiménez
|
0-0: Foul Ball, location: 2F 0-1: Ball 1-1: Ball 2-1: Called Strike 2-2: Ball 3-2: Strikes out swinging
|
Top of the 6th over - 1 run, 2 hits, 0 errors, 1 left on base; Montgomery 1 - Nashua 3 |
BOTTOM OF THE 6TH |
Nashua Redlegs batting - Pitching for Montgomery Grey Sox : RHP Michael MacDonald
|
Batting: LHB Peter Rodgers
|
0-0: Ball 1-0: Ball 2-0: Called Strike 2-1: Foul Ball, location: 2F 2-2: Ball 3-2: Fly out, F9 (Flyball, 9)
|
Batting: SHB Hunter Bond
|
0-0: Swinging Strike 0-1: Ball 1-1: Foul Ball, location: 2F 1-2: Ball 2-2: TRIPLE (Flyball, 9LD)
|
Pitching: RHP Ken Rivera
|
|
Batting: RHB Pedro Cavazos
|
0-0: Ball 1-0: SINGLE (Groundball, 56D) Hunter Bond scores
|
Batting: RHB Manuel Pérez
|
0-0: Ball 1-0: Foul Ball, location: 2F 1-1: Foul Ball, location: 2F 1-2: Strikes out looking
|
Batting: RHB Ánibal Barrios
|
0-0: Foul Ball, location: 2F 0-1: Called Strike 0-2: Strikes out swinging
|
Bottom of the 6th over - 1 run, 2 hits, 0 errors, 1 left on base; Montgomery 1 - Nashua 4 |
TOP OF THE 7TH |
Montgomery Grey Sox batting - Pitching for Nashua Redlegs : LHP Keith Burns
|
Pitching: LHP Shannon Thomas
|
|
Now in RF: Spencer Pritchett
|
|
Batting: RHB Greg Williams
|
0-0: Foul Ball, location: 2F 0-1: Ball 1-1: Ground out 6-3 (Groundball, 6)
|
Batting: LHB Marcos Féliz
|
0-0: Foul Ball, location: 2F 0-1: Ball 1-1: Foul Ball, location: 2F 1-2: Strikes out swinging
|
Batting: RHB Norman Hopkins
|
0-0: Ball 1-0: Swinging Strike 1-1: Ball 2-1: Ball 3-1: Base on Balls
|
Batting: LHB Jorge Garza
|
0-0: Fielders Choice at 2nd, 6-4 (Groundball, 6)
|
Top of the 7th over - 0 runs, 0 hits, 0 errors, 1 left on base; Montgomery 1 - Nashua 4 |
BOTTOM OF THE 7TH |
Nashua Redlegs batting - Pitching for Montgomery Grey Sox : RHP Ken Rivera
|
Batting: RHB Clancy Castro
|
0-0: Ball 1-0: Foul Ball, location: 2F 1-1: Ground out U3 (Groundball, 34)
|
Batting: RHB Kyle Mann
|
0-0: Ball 1-0: SINGLE (Line Drive, 56D)
|
Batting: RHB Jorge Valenzuela
|
0-0: Ball 1-0: Foul Ball, location: 2F 1-1: Ball 2-1: Ball 3-1: Foul Ball, location: 2F 3-2: Strikes out swinging Kyle Mann steals 2nd base Batter strikes out.
|
Batting: LHB Johão Pereirinha
|
0-0: Ball 1-0: Swinging Strike 1-1: Ball 2-1: Ball 3-1: Fly out, F7 (Line Drive, 7S)
|
Bottom of the 7th over - 0 runs, 1 hit, 0 errors, 1 left on base; Montgomery 1 - Nashua 4 |
TOP OF THE 8TH |
Montgomery Grey Sox batting - Pitching for Nashua Redlegs : LHP Shannon Thomas
|
Batting: SHB Alberto García
|
0-0: Fly out, F7 (Flyball, 7S)
|
Batting: RHB Julius Farmer
|
0-0: Called Strike 0-1: Called Strike 0-2: Ball 1-2: Ball 2-2: Strikes out swinging
|
Batting: RHB Andrew Lewis
|
0-0: Ground out 3-1 (Groundball, 34)
|
Top of the 8th over - 0 runs, 0 hits, 0 errors, 0 left on base; Montgomery 1 - Nashua 4 |
BOTTOM OF THE 8TH |
Nashua Redlegs batting - Pitching for Montgomery Grey Sox : RHP Ken Rivera
|
Batting: LHB Peter Rodgers
|
0-0: Called Strike 0-1: Ball 1-1: Ground out 5-3 (Groundball, 25)
|
Batting: SHB Hunter Bond
|
0-0: Ball 1-0: Ball 2-0: Ball 3-0: Base on Balls
|
Batting: RHB Pedro Cavazos
|
0-0: Called Strike 0-1: Foul Ball, location: 2F 0-2: Ball 1-2: Fly out, F7 (Flyball, 7LM)
|
Batting: RHB Spencer Pritchett
|
0-0: Fielders Choice at 2nd, 6-4 (Groundball, 6)
|
Bottom of the 8th over - 0 runs, 0 hits, 0 errors, 1 left on base; Montgomery 1 - Nashua 4 |
TOP OF THE 9TH |
Montgomery Grey Sox batting - Pitching for Nashua Redlegs : LHP Shannon Thomas
|
Batting: RHB Dave McGuire
|
0-0: Called Strike 0-1: Ball 1-1: Ball 2-1: Swinging Strike 2-2: Foul Ball, location: 2F 2-2: Ball 3-2: Fly out, F7 (Line Drive, 7)
|
Batting: RHB Andrés Jiménez
|
0-0: Called Strike 0-1: Swinging Strike 0-2: Strikes out swinging, 2-3 out at first.
|
Batting: RHB Greg Williams
|
0-0: Ball 1-0: Called Strike 1-1: Foul Ball, location: 2F 1-2: Ball 2-2: Ground out 4-3 (Groundball, 4)
|
Top of the 9th over - 0 runs, 0 hits, 0 errors, 0 left on base; Montgomery 1 - Nashua 4 |
|